 Seeded DCSS version 0.30.1-11-g7821555f0a (webtiles) character file.

Game seed: 6962973379254283827 (custom seed)

10 Psyclone the Conjurer (level 2, 4/15 HPs)
             Began as a Deep Elf Conjurer on Nov 7, 2023.
             Was a Follower of Kikubaaqudgha.
             Quit the game on level 2 of the Dungeon.
             The game lasted 00:00:05 (182 turns).

Psyclone the Conjurer (Deep Elf Conjurer)            Turns: 182, Time: 00:00:06

Health: 4/15       AC:  2    Str:  4    XL:     2   Next: 10%
Magic:  8/8        EV: 12    Int: 28    God:    Kikubaaqudgha [*.....]
Gold:   1284       SH:  0    Dex: 13    Spells: 6/7 levels left

rFire   . . .        (no weapon)
rCold   . . .        (no shield)
rNeg    . . .        a - +0 robe
rPois   .            (no helmet)
rElec   .            (no cloak)
rCorr   .            (no gloves)
SInv    .            (no boots)
Will    .....        (no amulet)
Stlth   ++           d - +6 ring of intelligence
HPRegen 0.22/turn    (no ring)
MPRegen 0.11/turn

%: no passive effects
@: no status effects
A: no striking features
a: Renounce Religion, Unearth Wretches


You were on level 2 of the Dungeon.
You worshipped Kikubaaqudgha.
Kikubaaqudgha was aware of your devotion.
You visited 1 branch of the dungeon, and saw 2 of its levels.

You collected 1284 gold pieces.

Inventory:

Armour
 a - a +0 robe (worn)
Jewellery
 d - a +6 ring of intelligence (left hand)
Scrolls
 c - 2 scrolls of identify {unknown}
 e - a scroll of vulnerability {unknown}
Potions
 b - a potion of magic


   Skills:
 - Level 2.4 Dodging
 - Level 2.4 Stealth
 + Level 3.3 Spellcasting
 * Level 4.8 Conjurations


You had 6 spell levels left.
You knew the following spells:

 Your Spells              Type           Power      Damage    Failure   Level
a - Magic Dart            Conj           100%       1d8       1%          1

Your spell library contained the following spells:

 Spells                   Type           Power      Damage    Failure   Level
 Searing Ray              Conj           62%        2d6       1%          2
 Kiss of Death            Conj/Necr      72%        2d10      3%          1
 Necrotise                Necr           16%        1d4       8%          1
 Dazzling Flash           Conj/Hex       36%        N/A       9%          3
 Cigotuvi's Dreadful Rot  Necr/Pois/Air  8%         N/A       12%         2
 Fulminant Prism          Conj/Hex       9%         3d7       30%         4
 Iskenderun's Mystic Bla  Conj/Tloc      18%        2d6       30%         4
 Animate Dead             Necr           4%         N/A       61%         4


Dungeon Overview and Level Annotations

Branches:
Dungeon (2/15) Zot: 11818

Altars:
Kikubaaqudgha


Message History

The goblin hits you with a +0 club.
The goblin unwields a +0 club.
The goblin wields a +0 sling.
The goblin shoots a sling bullet.
The sling bullet misses you.
Found a clear potion.
The goblin shoots a sling bullet.
The sling bullet closely misses you.
Found a faded altar of an unknown god.
There is a dry fountain here.
The goblin shoots a sling bullet.
The sling bullet barely misses you.
There is a dry fountain here.
You see here a clear potion.
The goblin shoots a sling bullet.
The sling bullet barely misses you.
The goblin shoots a sling bullet.
The sling bullet hits you.
There is a faded altar of an unknown god here.
The goblin shoots a sling bullet.
The sling bullet closely misses you.
The goblin shoots a sling bullet.
The sling bullet barely misses you.
The goblin unwields a +0 sling.
The goblin wields a +0 club.
The goblin barely misses you. The goblin hits you with a +0 club.
Unknown command.
Press < or > to pray at altars.
The goblin hits you with a +0 club. The goblin completely misses you.
The goblin hits you with a +0 club.
* * * LOW HITPOINT WARNING * * *
The goblin misses you.
This altar belongs to (a) Kikubaaqudgha, (b) Ignis or (c) Cheibriados, but you can't tell which.
Press the corresponding letter to learn more about a god, or press enter to convert or escape to cancel.
Kikubaaqudgha accepts your prayer! Kikubaaqudgha welcomes you!
You can now bring forth the wretched and dying.
Kikubaaqudgha grants you a gift!
You add the spells Kiss of Death, Necrotise, Cigotuvi's Dreadful Rot and Animate Dead to your library.
The goblin barely misses you.
You offer a prayer to Kikubaaqudgha.
You take 10 damage, and have 4/15 hp.
MASSIVE DAMAGE!!
MP restored: 8 Unknown command.
Press < or > to pray at altars.
Unknown command.
Press < or > to pray at altars.
Are you sure you want to abandon this character and quit the game? (Confirm with "yes".)

#.........##
#....g....#
#.........#
#.........#
#...###...#
#..#...#..#
###8.⌠..#.#
##g.⌠.#.#
#@#.!.#.#
#...#∩#8#..#
#.⌠..###...#
#..⌠. .###
#.#.. ##
##.## ##


You could see a goblin.

Vanquished Creatures
  2 ball pythons (D:2)
  An endoplasm (D:1)
  A goblin (D:1)
  A hobgoblin (D:1)
  3 kobolds (D:1)
  A rat (D:1)
9 creatures vanquished.

Notes
Turn   | Place    | Note
-------+----------+-------------------------------------------
     0 | D:1      | Psyclone the Deep Elf Conjurer began the quest for the Orb.
     0 | D:1      | Reached XP level 1. HP: 10/10 MP: 6/6
    67 | D:1      | Reached XP level 2. HP: 15/15 MP: 5/8
   113 | D:1      | Identified a scroll of acquirement
   113 | D:1      | Acquired 1271 gold pieces
   164 | D:2      | Found a faded altar of an unknown god.
   181 | D:2      | Prayed at the altar of an unknown god.
   181 | D:2      | Became a worshipper of Kikubaaqudgha
   181 | D:2      | Reached * piety under Kikubaaqudgha
   181 | D:2      | Received a gift from Kikubaaqudgha
   182 | D:2      | Quit the game

Illustrated notes

Levels and vault maps discovered:
D:1:      saegor_arrival_simple_d, layout_rooms
D:2:      minmay_skewed_foursquare, layout_basic,
          shapermc_ecumenical_altar_venn, nicolae_half_adder

Action                     || total
---------------------------++-------
   Cast: Magic Dart        ||    10
    Use: Scroll            ||     1
  Dodge: Dodged            ||    11
